[ AOE2 MATCH · #478767095 ]
UnrankedDravidians vs Huns
Player's team · LOSS
Rival team · WIN
[ REPLAY ANALYSIS · EXTRACTED FROM THE RECORDED GAME ]
Feudal
13:13
Castle
19:37
Imperial
44:13
| APM avg | 25.1 |
| APM peak | 67 |
| eAPM avg | 16.4 |
| Villagers / military | 143 / 144 |
Focus
⚔️ 34.1% · 🌾 65.9%
Skirmisher ×52 · Galley ×28 · Spearman ×26 · Armored Elephant ×12 · Fishing Ship ×11 · Urumi Swordsman ×11
Feudal
13:32
Castle
17:52
Imperial
39:17
| APM avg | 32.1 |
| APM peak | 74 |
| eAPM avg | 18.6 |
| Villagers / military | 105 / 113 |
Focus
⚔️ 33.1% · 🌾 66.9%
Skirmisher ×44 · Scout Cavalry ×33 · Knight ×14 · Fishing Ship ×11 · Cavalry Archer ×9 · Unknown (2626) ×6
Match map
Initial resources + every placement click. Lines = walls · curves = elevation contours. ◆ gold · ⬟ stone · ● berries · ✦ relic · ◌ wall gap
Your base· Open — unwalled flank
rohgueRLP's base· Open — 5t gap
Smoothed initial terrain · ◌ = detected wall gap · hover for details
Inputs per minute
— Grýn - - rohgueRLP
Build order — Grýn
First 150 of 293 actions detected
| 0:26 | Build | Town Center |
| 2:04 | Build | House |
| 2:08 | Build | House |
| 2:27 | Create | Villager (Male) ×4 |
| 2:42 | Build | Dock |
| 3:59 | Create | Villager (Male) |
| 3:59 | Create | Villager (Male) |
| 4:43 | Create | Villager (Male) |
| 4:43 | Create | Villager (Male) |
| 5:10 | Create | Villager (Male) |
| 5:11 | Create | Villager (Male) |
| 5:23 | Create | Villager (Male) |
| 5:24 | Create | Villager (Male) |
| 5:24 | Create | Villager (Male) |
| 5:52 | Create | Villager (Male) |
| 6:28 | Create | Villager (Male) |
| 7:09 | Create | Villager (Male) |
| 7:09 | Create | Villager (Male) |
| 7:09 | Create | Villager (Male) |
| 7:28 | Create | Villager (Male) |
| 7:31 | Create | Fishing Ship |
| 7:44 | Create | Fishing Ship |
| 8:24 | Build | House |
| 8:48 | Create | Villager (Male) |
| 8:56 | Create | Villager (Male) |
| 9:09 | Create | Fishing Ship |
| 9:40 | Create | Villager (Male) |
| 9:41 | Create | Villager (Male) |
| 9:46 | Create | Fishing Ship |
| 9:49 | Build | House |
| 9:57 | Build | House |
| 10:27 | Build | Mill |
| 10:28 | Create | Villager (Male) |
| 10:53 | Research | Feudal Age |
| 10:56 | Research | Loom |
| 11:14 | Create | Fishing Ship |
| 12:00 | Create | Fishing Ship |
| 12:22 | Build | Dock |
| 12:31 | Create | Villager (Male) |
| 12:32 | Create | Villager (Male) |
| 12:32 | Create | Villager (Male) |
| 13:12 | Create | Fishing Ship |
| 13:12 | Create | Fishing Ship |
| 13:13 | Age | Feudal Age |
| 13:32 | Create | Villager (Male) |
| 13:37 | Build | Barracks |
| 13:48 | Create | Fishing Ship |
| 14:22 | Create | Villager (Male) |
| 14:30 | Build | Blacksmith |
| 15:29 | Build | Archery Range |
| 15:53 | Create | Galley |
| 16:16 | Create | Villager (Male) |
| 16:16 | Create | Villager (Male) |
| 16:21 | Build | House |
| 16:22 | Build | House |
| 16:24 | Build | House |
| 16:51 | Research | Tech 906 |
| 16:56 | Research | Castle Age |
| 17:10 | Build | Mining Camp |
| 17:14 | Create | Skirmisher |
| 17:14 | Create | Skirmisher |
| 17:17 | Create | Spearman |
| 17:31 | Create | Galley |
| 17:54 | Create | Spearman |
| 18:20 | Create | Unit 2626 |
| 18:27 | Create | Fishing Ship |
| 18:27 | Create | Fishing Ship |
| 18:46 | Research | Stone Mining |
| 18:49 | Create | Villager (Male) |
| 18:49 | Create | Villager (Male) |
| 19:22 | Create | Unit 2626 |
| 19:26 | Create | Villager (Male) |
| 19:26 | Create | Villager (Male) |
| 19:37 | Age | Castle Age |
| 19:52 | Build | Town Center |
| 20:18 | Build | Town Center |
| 20:42 | Create | Elephant Archer |
| 20:42 | Create | Elephant Archer |
| 21:10 | Build | Lumber Camp |
| 21:34 | Create | Villager (Male) ×5 |
| 21:38 | Create | Elephant Archer |
| 22:02 | Create | Elephant Archer |
| 22:31 | Build | Castle |
| 22:35 | Create | Villager (Male) ×5 |
| 22:36 | Create | Villager (Male) ×5 |
| 22:47 | Research | Thumb Ring |
| 23:33 | Create | Villager (Male) ×5 |
| 23:35 | Create | Skirmisher |
| 23:41 | Build | Archery Range |
| 23:43 | Build | Archery Range |
| 23:44 | Create | Villager (Male) |
| 23:44 | Create | Villager (Male) |
| 24:19 | Build | House |
| 24:21 | Build | House |
| 24:21 | Build | House |
| 24:21 | Build | House |
| 25:02 | Research | Elite Skirmisher (upgrade) |
| 25:03 | Create | Skirmisher ×2 |
| 25:45 | Create | Skirmisher |
| 25:45 | Create | Skirmisher |
| 25:45 | Create | Skirmisher |
| 25:46 | Create | Skirmisher |
| 25:46 | Create | Skirmisher |
| 25:47 | Create | Villager (Male) ×2 |
| 26:10 | Build | House |
| 26:11 | Build | House |
| 26:11 | Build | House |
| 26:23 | Build | Town Center |
| 26:45 | Create | Villager (Male) |
| 26:55 | Build | Farm |
| 26:55 | Build | Farm |
| 26:55 | Build | Farm |
| 26:55 | Build | Farm |
| 26:55 | Build | Farm |
| 26:56 | Build | Farm |
| 27:27 | Create | Villager (Male) ×3 |
| 27:29 | Build | Farm |
| 27:32 | Build | Farm |
| 27:32 | Build | Farm |
| 27:33 | Build | Farm |
| 27:33 | Build | Farm |
| 28:04 | Create | Villager (Male) ×4 |
| 28:05 | Create | Skirmisher |
| 28:10 | Build | Farm |
| 28:10 | Build | Farm |
| 28:10 | Build | Farm |
| 28:10 | Build | Farm |
| 28:11 | Build | Farm |
| 28:11 | Build | Farm |
| 28:11 | Build | Farm |
| 28:11 | Build | Farm |
| 28:22 | Build | Farm |
| 28:24 | Build | Farm |
| 28:42 | Create | Villager (Male) ×2 |
| 28:54 | Create | Villager (Male) ×3 |
| 29:09 | Build | Castle |
| 29:17 | Create | Villager (Male) ×2 |
| 29:25 | Research | Horse Collar |
| 29:43 | Create | Villager (Male) ×4 |
| 29:51 | Build | Mill |
| 30:03 | Build | House |
| 30:04 | Build | House |
| 30:05 | Build | House |
| 30:06 | Build | House |
| 30:07 | Build | House |
| 30:15 | Research | Wheelbarrow |
| 30:16 | Create | Villager (Male) ×2 |
| 30:21 | Build | Farm |
| 30:21 | Build | Farm |
| 30:21 | Build | Farm |
Build order — rohgueRLP
First 150 of 358 actions detected
| 0:36 | Build | Town Center |
| 2:37 | Create | Villager (Male) |
| 2:37 | Create | Villager (Male) |
| 2:37 | Create | Villager (Male) |
| 2:38 | Create | Villager (Male) |
| 2:38 | Create | Villager (Male) |
| 3:41 | Create | Villager (Male) |
| 3:41 | Create | Villager (Male) |
| 4:24 | Create | Villager (Male) |
| 4:25 | Create | Villager (Male) |
| 5:00 | Create | Villager (Male) |
| 5:01 | Create | Villager (Male) |
| 5:01 | Create | Villager (Male) |
| 5:36 | Create | Villager (Male) |
| 5:36 | Create | Villager (Male) |
| 6:15 | Create | Villager (Male) |
| 6:16 | Create | Villager (Male) |
| 6:16 | Create | Villager (Male) |
| 6:45 | Create | Villager (Male) |
| 6:46 | Create | Villager (Male) |
| 6:51 | Build | Dock |
| 7:27 | Create | Villager (Male) |
| 7:28 | Create | Villager (Male) |
| 7:30 | Research | Loom |
| 7:33 | Create | Villager (Male) |
| 7:36 | Create | Fishing Ship |
| 8:15 | Create | Villager (Male) |
| 8:16 | Create | Villager (Male) |
| 8:20 | Create | Fishing Ship |
| 8:44 | Create | Villager (Male) |
| 8:45 | Create | Villager (Male) |
| 8:45 | Create | Villager (Male) |
| 8:49 | Create | Fishing Ship |
| 9:20 | Create | Villager (Male) |
| 9:21 | Create | Villager (Male) |
| 9:43 | Create | Villager (Male) |
| 9:47 | Create | Fishing Ship |
| 10:19 | Build | Mill |
| 10:48 | Create | Fishing Ship |
| 11:13 | Research | Feudal Age |
| 11:13 | Research | Feudal Age |
| 11:13 | Research | Feudal Age |
| 11:22 | Build | Mining Camp |
| 12:14 | Create | Villager (Male) |
| 12:14 | Create | Villager (Male) |
| 12:39 | Create | Fishing Ship |
| 13:32 | Age | Feudal Age |
| 13:34 | Create | Unit 2626 |
| 13:39 | Build | Blacksmith |
| 14:03 | Build | Market |
| 14:11 | Create | Villager (Male) |
| 14:43 | Create | Villager (Male) |
| 14:56 | Research | Castle Age |
| 15:10 | Build | Lumber Camp |
| 15:54 | Create | Unit 2626 |
| 16:15 | Create | Villager (Male) |
| 16:15 | Create | Villager (Male) |
| 16:32 | Research | Double-Bit Axe |
| 16:53 | Build | Barracks |
| 17:15 | Create | Unit 2626 |
| 17:15 | Create | Unit 2626 |
| 17:52 | Age | Castle Age |
| 17:58 | Build | Archery Range |
| 18:18 | Create | Unit 2626 |
| 18:30 | Create | Cavalry Archer |
| 18:33 | Create | Cavalry Archer |
| 18:34 | Create | Cavalry Archer |
| 18:42 | Create | Cavalry Archer |
| 19:02 | Build | Palisade Wall |
| 19:22 | Create | Cavalry Archer |
| 19:26 | Research | Fletching |
| 19:34 | Build | Stable |
| 19:44 | Create | Cavalry Archer |
| 19:56 | Research | Horse Collar |
| 20:02 | Create | Villager (Male) |
| 20:02 | Create | Villager (Male) |
| 20:03 | Create | Villager (Male) |
| 20:03 | Create | Villager (Male) |
| 20:15 | Create | Unit 2626 |
| 20:34 | Research | Gold Mining |
| 20:42 | Create | Cavalry Archer |
| 20:49 | Create | Villager (Male) |
| 20:52 | Research | Wheelbarrow |
| 21:28 | Research | War Galley (upgrade) |
| 21:33 | Create | Villager (Male) |
| 21:42 | Build | Dock |
| 21:54 | Create | Villager (Male) |
| 21:55 | Create | Villager (Male) |
| 22:02 | Build | Archery Range |
| 22:30 | Build | University |
| 22:51 | Create | Villager (Male) |
| 22:52 | Create | Villager (Male) |
| 23:02 | Create | Fishing Ship |
| 23:02 | Create | Fishing Ship |
| 23:03 | Create | Fishing Ship |
| 23:07 | Create | Villager (Male) |
| 23:10 | Create | Cavalry Archer |
| 23:10 | Create | Cavalry Archer |
| 23:17 | Research | Bodkin Arrow |
| 23:22 | Research | Bloodlines |
| 23:53 | Research | Elite Skirmisher (upgrade) |
| 23:55 | Create | Skirmisher |
| 24:15 | Create | Villager (Male) |
| 24:15 | Create | Villager (Male) |
| 24:29 | Research | Tech 906 |
| 24:59 | Create | Villager (Male) |
| 25:06 | Build | Town Center |
| 25:14 | Create | Skirmisher |
| 25:14 | Create | Skirmisher |
| 25:18 | Build | Farm |
| 25:18 | Build | Farm |
| 25:19 | Build | Farm |
| 25:19 | Build | Farm |
| 25:19 | Build | Farm |
| 25:19 | Build | Farm |
| 25:57 | Create | Skirmisher |
| 25:57 | Create | Skirmisher |
| 25:57 | Create | Skirmisher |
| 25:58 | Create | Skirmisher |
| 25:58 | Create | Skirmisher |
| 25:59 | Create | Skirmisher |
| 26:02 | Create | Knight |
| 26:17 | Create | Villager (Male) |
| 26:17 | Create | Villager (Male) |
| 26:38 | Build | Monastery |
| 26:42 | Create | Villager (Male) |
| 26:42 | Create | Villager (Male) |
| 26:42 | Create | Villager (Male) |
| 26:45 | Create | Villager (Male) |
| 27:12 | Research | Ballistics |
| 27:19 | Create | Monk |
| 27:20 | Create | Monk |
| 27:30 | Create | Skirmisher |
| 27:31 | Create | Skirmisher |
| 27:31 | Create | Skirmisher |
| 27:32 | Create | Skirmisher |
| 27:32 | Create | Skirmisher |
| 27:32 | Create | Skirmisher |
| 27:52 | Research | Padded Archer Armor |
| 28:54 | Create | Villager (Male) |
| 28:54 | Create | Villager (Male) |
| 28:54 | Create | Villager (Male) |
| 29:50 | Build | Farm |
| 29:51 | Build | Farm |
| 29:51 | Build | Farm |
| 29:51 | Build | Farm |
| 29:51 | Build | Farm |
| 29:51 | Build | Farm |
| 29:52 | Build | Farm |
| 29:52 | Build | Farm |
Match timeline
| 2:42 | Grýn · first_building Dock |
| 6:51 | rohgueRLP · first_building Dock |
| 13:13 | Grýn · age_up feudal |
| 13:32 | rohgueRLP · age_up feudal |
| 13:37 | Grýn · first_building Barracks |
| 15:29 | Grýn · first_building Archery Range |
| 16:53 | rohgueRLP · first_building Barracks |
| 17:52 | rohgueRLP · age_up castle |
| 17:58 | rohgueRLP · first_building Archery Range |
| 19:02 | rohgueRLP · wall_segment Palisade Wall x10 |
| 19:34 | rohgueRLP · first_building Stable |
| 19:37 | Grýn · age_up castle |
| 22:31 | Grýn · first_building Castle |
| 26:38 | rohgueRLP · first_building Monastery |
| 31:18 | rohgueRLP · wall_segment Palisade Wall x17 |
| 31:33 | Grýn · first_building Siege Workshop |
| 33:04 | rohgueRLP · first_market_buy 100 food |
| 33:43 | rohgueRLP · first_building Siege Workshop |
| 34:10 | rohgueRLP · first_building Castle |
| 39:17 | rohgueRLP · age_up imperial |
| 39:31 | rohgueRLP · first_market_sell 100 food |
| 41:53 | Grýn · first_building Stable |
| 44:13 | Grýn · age_up imperial |
| 46:18 | Grýn · resign |
[ AI ANALYSIS · 1 CREDIT ]
What really happened in this match?
Wolo.gg analyzes every decision: build order, eco, micro, common mistakes by bracket. Personalized analysis on WhatsApp or Discord in 30 seconds.
Civ guide
Dravidians
Perfil
Jugador #6763531